 Dungeon Crawl Stone Soup version 0.24-a0-201-gf205589 (webtiles) character file.

Game seed: 3111693063275380035

224 Borgoz the Cutter (level 6, -7/37 HPs)
             Began as a Gargoyle Gladiator on Mar 25, 2019.
             Blown up by Ijyb (20 damage)
             ... with a wand of disintegration (3)
             ... on level 2 of the Dungeon.
             The game lasted 00:02:10 (1509 turns).

Borgoz the Cutter (Gargoyle Gladiator)              Turns: 1509, Time: 00:02:10

Health: -7/37      AC: 15    Str: 18    XL:     6   Next: 0%
Magic:  8/8        EV: 13    Int:  8    God:
Gold:   74         SH:  0    Dex: 13    Spells: 8/8 levels left

rFire    . . .     SeeInvis +   a - +0 rapier
rCold    . . .     Gourm    .   (no shield)
rNeg     + . .     Faith    .   b - +0 leather armour
rPois    ∞         Spirit   .   c - +0 helmet
rElec    +         Reflect  .   (no cloak)
rCorr    .         Harm     .   (no gloves)
MR       .....                  r - +1 pair of boots
Stlth    ++........             (no amulet)
HPRegen  0.12/turn              m - ring of see invisible
MPRegen  0.11/turn              o - +5 ring of protection

@: no status effects
A: negative energy resistance 1, electricity resistance, unbreathing,
petrification resistance, rot immunity, AC +4
a: no special abilities


You were on level 2 of the Dungeon.
You were not hungry.

You visited 1 branch of the dungeon, and saw 2 of its levels.

You collected 74 gold pieces.

Inventory:

Hand Weapons
 a - a +0 rapier (weapon)
Missiles
 d - 2 throwing nets (quivered)
Armour
 b - a +0 leather armour (worn)
 c - a +0 helmet (worn)
 r - a +1 pair of boots (worn)
Jewellery
 m - a ring of see invisible (left hand)
 o - a +5 ring of protection (right hand)
Wands
 p - a wand of clouds (7)
Scrolls
 e - 2 scrolls of remove curse {unknown}
 j - a scroll of magic mapping {unknown}
 l - 6 scrolls of identify {unknown}
 q - 2 scrolls of enchant armour {unknown}
Potions
 h - a potion of degeneration {unknown}
 i - a potion of heal wounds {unknown}
Comestibles
 f - 3 rations
 g - a chunk of flesh


   Skills:
 + Level 3.0 Fighting
 * Level 3.5 Short Blades
 + Level 2.3 Throwing
 + Level 1.7 Armour
 * Level 3.2 Dodging
 + Level 1.9 Stealth
 + Level 1.5 Spellcasting


You had 8 spell levels left.
You didn't know any spells.
Your spell library was empty.

Dungeon Overview and Level Annotations

Branches:
Dungeon (2/15)

Altars:

Annotations:
D:2 Ijyb


Innate Abilities, Weirdness & Mutations

You are resistant to torment.
Your stone body is resilient. (AC +4)
You are immune to poison.
You resist negative energy. (rN+)
You are resistant to electric shocks. (rElec)
You can survive without breathing.
You are immune to petrification.
You are immune to rotting.


Message History

You completely miss Ijyb.
Ijyb is moderately wounded.
Ijyb hits you but does no damage.
You hit Ijyb but do no damage.
Ijyb is moderately wounded.
Ijyb zaps a wand.
You are blasted!
Ouch! That really hurt!
* * * LOW HITPOINT WARNING * * *
You hit Ijyb but do no damage.
Ijyb is moderately wounded.
Ijyb screams, "Level is mine!
All mine!"
Ijyb closely misses you.
You hit Ijyb but do no damage.
Ijyb is moderately wounded.
Ijyb hits you but does no damage.
You feel better. Ijyb barely misses you.
It was a potion of cancellation.
You feel magically purged.
Ijyb zaps a wand.
You are blasted!
Ouch! That really hurt!
You die...

...............
............... .#
............... .#
............... .#
###.###.######## .#
#.# #........# .#
###.###........# .#
########
#.........###.g##.#
#.......
#.#.##)).....ggg@.#
#.####..
#.#.##.#..#.#.g####
#.####..
...............#
###.##....
###.##.#.......###
#÷..##.#..
##.#.###?..gg..#
##.#....... #...#
#.......#
##.....###.# ##.###
#8.....8#
#.......##.. ###.##
#.).....#
#......<#### .>.###
#8.....8#####.>.....#


You could see Ijyb and 4 goblins.

Vanquished Creatures
  Sigmund (D:2)
  2 adders (D:2)
  A leopard gecko (D:1)
  4 bats
  3 giant cockroaches
  7 goblins
  5 hobgoblins (D:1)
  6 jackals (D:2)
  3 frilled lizards
  3 kobolds
  6 rats
41 creatures vanquished.

Notes
Turn   | Place    | Note
-------+----------+-------------------------------------------
     0 | D:1      | Borgoz the Gargoyle Gladiator began the quest for the Orb.
     0 | D:1      | Reached XP level 1. HP: 12/12 MP: 1/1
   198 | D:1      | Reached XP level 2. HP: 15/17 MP: 2/2
   685 | D:1      | Reached XP level 3. HP: 22/22 MP: 4/4
  1122 | D:2      | Noticed Sigmund
  1147 | D:2      | Killed Sigmund
  1147 | D:2      | Reached skill level 1 in Armour
  1147 | D:2      | Reached skill level 1 in Stealth
  1147 | D:2      | Reached skill level 1 in Spellcasting
  1147 | D:2      | Reached XP level 4. HP: 26/27 MP: 4/6
  1147 | D:2      | Reached XP level 5. HP: 30/32 MP: 4/7
  1455 | D:2      | Reached XP level 6. HP: 37/37 MP: 8/8
  1484 | D:2      | Noticed Ijyb
  1509 | D:2      | Blown up by Ijyb

Levels and vault maps discovered:
D:1:      kilobyte_arrival_exit_the_forest, layout_basic
D:2:      kennysheep_the_goblin_king, layout_loops_cross, uniq_sigmund

Skill      XL: |  1  2  3  4  5 |
---------------+----------------+-----
Short Blades   | 3 |  3.5
Throwing       | 2 |  2.3
Armour         | 1 |  1.7
Dodging        | 3 |  3.2
Stealth        | 1 |  1.9
Spellcasting   | 1 |  1.5
Fighting       | 3 |  3.0

Action                   |  1- 3 |  4- 6 || total
-------------------------+-------+-------++-------
Melee: Rapier            |    93 |    52 ||   145
Throw: Throwing net      |     2 |       ||     2
  Use: Potion            |     1 |     2 ||     3
 Stab: Sleeping          |     1 |       ||     1
       Held in net/web   |     1 |       ||     1
  Eat: Chunk             |     1 |     1 ||     2
Armor: Leather armour    |    31 |    31 ||    62
Dodge: Dodged            |    61 |    30 ||    91

Table legend:
 A = Non-vault XP
 B = Vault XP
 C = Vault XP percentage of total XP
 D = Non-vault monster count
 E = Vault monster count
 F = Vault count percentage of total count
                 A         B        C        D         E       F
            +---------+---------+-------+---------+---------+-------
      Total |      88 |     233 |  72.6 |      39 |       2 |   4.9
            +---------+---------+-------+---------+---------+-------
        D:1 |      37 |       0 |   0.0 |      23 |       0 |   0.0
        D:2 |      51 |     233 |  82.0 |      16 |       2 |  11.1
            +---------+---------+-------+---------+---------+-------
